 Dungeon Crawl Stone Soup version 0.25-a0-734-g73332aeda9 (webtiles) character file.

Game seed: 14432949911225838951, levelgen mode: deterministic

107 Geomchi the Gusty (level 4, 0/26 HPs)
             Began as a Tengu Air Elementalist on Apr 10, 2020.
             Was a Follower of Lugonu.
             Killed by divine providence
             ... invoked by an orc priest
              (14 damage)
             ... on level 3 of the Dungeon.
             The game lasted 00:05:15 (3055 turns).

Geomchi the Gusty (Tengu Air Elementalist)          Turns: 3055, Time: 00:05:16

Health: 0/26       AC:  2    Str:  8    XL:     4   Next: 86%
Magic:  2/8        EV: 12    Int: 17    God:    Lugonu [*.....]
Gold:   88         SH:  0    Dex: 14    Spells: 3/7 levels left

rFire    . . .     SeeInvis .   g - +2 whip (distort)
rCold    . . .     Gourm    .   (no shield)
rNeg     . . .     Faith    .   a - +0 robe
rPois    .         Spirit   .   (helmet restricted)
rElec    .         Reflect  .   (no cloak)
rCorr    .         Harm     .   (no gloves)
MR       .....                  (boots unavailable)
Stlth    ++........             e - amulet of magic regeneration
HPRegen  0.08/turn              (no ring)
MPRegen  0.36/turn              (no ring)

@: no status effects
A: beak, talons 3
a: Depart the Abyss, Renounce Religion


You were on level 3 of the Dungeon.
You worshipped Lugonu.
Lugonu was aware of your devotion.
You were not hungry.

You visited 1 branch of the dungeon, and saw 3 of its levels.
You visited the Abyss 1 time.

You collected 88 gold pieces.

Inventory:

Hand Weapons
 g - a +2 whip of distortion (weapon)
Armour
 a - a +0 robe (worn)
Jewellery
 e - an amulet of magic regeneration (around neck)
 k - an uncursed ring of fire
Scrolls
 f - a scroll of remove curse
 h - a scroll of blinking {unknown}
 j - a scroll of identify {unknown}
Potions
 b - a potion of brilliance {unknown}
 d - a potion of might {unknown}
 i - a potion of cancellation {unknown}
Comestibles
 c - 5 rations


   Skills:
 + Level 1.9 Fighting
 + Level 0.0 Maces & Flails
 - Level 2.1 Dodging
 - Level 2.0 Stealth
 - Level 2.0 Spellcasting
 * Level 4.3 Conjurations
 + Level 4.9 Air Magic


You had 3 spell levels left.
You knew the following spells:

 Your Spells              Type           Power        Failure   Level  Hunger
a - Shock                 Conj/Air       ###.         3%          1    #......
b - Static Discharge      Conj/Air       ###.....     9%          3    ###....

Your spell library contained the following spells:

 Spells                   Type           Power        Failure   Level  Hunger
 Swiftness                Chrm/Air       ##......     11%         2    ###....
 Airstrike                Air            ###.......   26%         4    #####..
 Lightning Bolt           Conj/Air       ###.......   63%         5    ######.


Dungeon Overview and Level Annotations

Branches:
Dungeon (3/15)

Altars:
Uskayaw


Innate Abilities, Weirdness & Mutations

You have a beak for a mouth.
You have claws for feet.


Message History

The orc priest shouts!
There is a stone staircase leading up here.
Okay, then.
The orc priest is struck by an arc of lightning.
The lightning grounds out.
The orc priest is struck by an arc of lightning.
You are struck by an arc of lightning.
The lightning grounds out.
The orc priest hits you with a +0 hand axe.
The orc priest hits you with a +0 falchion.
You take 10 damage, and have 16/26 hp.
MASSIVE DAMAGE!!
You now have 5/8 mp.
The orc priest is struck by an arc of lightning.
You are struck by an arc of lightning.
The bat is struck by an arc of lightning.
You kill the bat!
Lugonu accepts your kill.
The lightning grounds out.
The orc priest barely misses you.
The orc priest calls down the wrath of Beogh upon you.
Beogh smites you!
Ouch! That really hurt!
You die...

#... ≈≈.≈P≈ #...
P≈≈.≈P♣.. #..o
♣≈P.≈♣... #<.o
.≈≈.♣.... #..o
........ ....
#####........
....#
##...#o..##...
$....o
##....@oo......
.###.♣.
#......†.......#.
.♣≈♣
#............##.
≈ ≈
#............#
##...........#
##...#......#
########.....
....≈ ...♣≈


You could see 2 orc priests and an orc.

Vanquished Creatures
  A crimson imp (D:2)
  2 adders (D:2)
  An ooze (D:1)
  4 orcs (D:3)
  5 goblins
  7 hobgoblins
  4 jackals (D:2)
  6 kobolds
  7 bats
  4 frilled lizards
  A rat (D:1)
42 creatures vanquished.

Notes
Turn   | Place    | Note
-------+----------+-------------------------------------------
     0 | D:1      | Geomchi the Tengu Air Elementalist began the quest for the
                  | Orb.
     0 | D:1      | Reached XP level 1. HP: 10/10 MP: 4/4
   416 | D:1      | Reached XP level 2. HP: 16/16 MP: 1/6
   790 | D:1      | Cast into level 1 of the Abyss (kobold)
   801 | Abyss:1  | Found a corrupted altar of Lugonu.
   805 | Abyss:1  | Became a worshipper of Lugonu the Unformed
   805 | Abyss:1  | Reached * piety under Lugonu
   806 | D:1      | Escaped the Abyss
  1022 | D:1      | Reached skill level 1 in Fighting
  1511 | D:2      | Reached XP level 3. HP: 20/20 MP: 2/7
  1832 | D:2      | Found a hide-covered altar of Uskayaw.
  1876 | D:2      | Reached XP level 4. HP: 15/26 MP: 1/8
  2359 | D:3      | Noticed a hungry ghost
  2499 | D:3      | HP: 1/26 [orc priest/divine providence (14)]
  2822 | D:2      | Learned a level 3 spell: Static Discharge
  3055 | D:3      | Killed from afar by an orc priest

Levels and vault maps discovered:
D:1:      matt_arrival_refuge, layout_loops_ring, hex_tiny
D:2:      layout_rooms, nicolae_overflow_crystal_walls
D:3:      layout_rooms, lemuel_coloured_pillars_altar, serial_bayou,
          serial_bayou_lagoon_a, serial_bayou_pond_c, serial_bayou_lagoon_b,
          serial_bayou_ford_a, serial_bayou_shore_a

Skill      XL: |  1  2  3 |
---------------+----------+-----
Conjurations   | 2 4 |  4.3
Fighting       | 1 |  1.9
Dodging        | |  2.1
Stealth        | |  2.0
Spellcasting   | |  2.0
Air Magic      | |  4.9

Action                   |  1- 3 |  4- 6 || total
-------------------------+-------+-------++-------
Melee: Whip              |    16 |     2 ||    18
       Peck              |     2 |     1 ||     3
 Cast: Shock             |    71 |    30 ||   101
       Static Discharge  |       |     2 ||     2
Invok: Depart the Abyss  |     1 |       ||     1
  Use: Scroll            |       |     1 ||     1
  Eat: Chunk             |     4 |     2 ||     6
       Ration            |       |     1 ||     1
Armor: Robe              |     5 |     1 ||     6
Dodge: Dodged            |    32 |     9 ||    41

Table legend:
 A = Non-vault XP
 B = Vault XP
 C = Vault XP percentage of total XP
 D = Non-vault monster count
 E = Vault monster count
 F = Vault count percentage of total count
                 A         B        C        D         E       F
            +---------+---------+-------+---------+---------+-------
      Total |     154 |       0 |   0.0 |      42 |       0 |   0.0
            +---------+---------+-------+---------+---------+-------
        D:1 |      33 |       0 |   0.0 |      17 |       0 |   0.0
        D:2 |     103 |       0 |   0.0 |      17 |       0 |   0.0
        D:3 |      18 |       0 |   0.0 |       8 |       0 |   0.0
            +---------+---------+-------+---------+---------+-------
